 Dungeon Crawl Stone Soup version 0.20-a0-537-g052e6ba (webtiles) character file.

168 Gorice the Slasher (level 5, 0/43 HPs)
             Began as a Barachian Fighter on Jan 27, 2017.
             Slain by a black bear (6 damage)
             ... on level 3 of the Dungeon.
             The game lasted 00:08:29 (2339 turns).

Gorice the Slasher (Barachian Fighter)              Turns: 2339, Time: 00:08:30

Health: 0/43       AC: 15    Str: 15    XL:     5   Next: 49%
Magic:  5/5        EV:  4    Int:  7    God:
Gold:   169        SH:  8    Dex: 10    Spells: 4/4 levels left

rFire    . . .     SeeInvis .   a - +0 long sword
rCold    . . .     Gourm    .   u - +3 chain mail
rNeg     . . .     Faith    .   c - +0 shield
rPois    .         Spirit   .   (no helmet)
rElec    .         Reflect  .   (no cloak)
rCorr    .         Harm     .   (no gloves)
MR       .....                  (no boots)
Stlth    ..........             (no amulet)
Regen    0.2/turn               q - +3 ring of protection
                                j - ring of wizardry

@: can't hop, invisible, slow
A: swims, slowness 1, strong legs 1
a: Hop


You were on level 3 of the Dungeon.
You were not hungry.

You visited 1 branch of the dungeon, and saw 3 of its levels.

You collected 169 gold pieces.

Inventory:

Hand Weapons
 a - a +0 long sword (weapon)
Missiles
 Z - 54 stones (quivered)
Armour
 b - a +0 scale mail
 c - a +0 shield (worn)
 u - a +3 chain mail (worn)
Jewellery
 i - an uncursed ring of magical power
 j - a ring of wizardry (left hand)
 q - a +3 ring of protection (right hand)
Wands
 n - a wand of polymorph (7/24)
Scrolls
 o - a scroll of remove curse
Potions
 d - a potion of might {!q}
 e - a potion of brilliance {!q}
 l - 3 potions of resistance {!q}
 m - 2 potions of haste {!q}
 p - a potion of flight
 r - 3 potions of mutation {!q}
 t - a potion of degeneration {unknown}
Comestibles
 f - a bread ration {!e}
 g - 4 chunks of flesh
 h - a royal jelly


   Skills:
 + Level 4.8 Fighting
 * Level 4.9 Long Blades
 - Level 3.2 Armour
 - Level 3.0 Shields


You had 4 spell levels left.
You didn't know any spells.

Dungeon Overview and Level Annotations

Branches:
Dungeon (3/15)

Altars:
Fedhas
Gozag


Innate Abilities, Weirdness & Mutations

You can swim through water.
You cover ground slowly.
You can hop short distances.


Message History

The black bear goes berserk!
You closely miss the black bear.
The black bear is almost dead.
You block the black bear's attack.
The black bear claws you but does no damage.
The black bear barely misses you.
The black bear bites you but does no damage.
The black bear claws you. x2
Damage: 6 (max 6)
You hit the black bear but do no damage.
The black bear is almost dead.
The black bear bites you but does no damage.
You block the black bear's attack.
The black bear claws you but does no damage.
The black bear bites you!
* * * LOW HITPOINT WARNING * * *
The black bear claws you but does no damage.
The black bear barely misses you.
Damage: 9 (max 9)
Your shield and chain mail prevent you from hitting the black bear.
The black bear is almost dead.
The black bear bites you!
* * * LOW HITPOINT WARNING * * *
The black bear claws you but does no damage.
The black bear barely misses you.
Damage: 8 (max 9)
You hit the black bear.
The black bear is almost dead.
You block the black bear's attack.
The black bear claws you but does no damage. x2
The black bear bites you.
* * * LOW HITPOINT WARNING * * *
The black bear claws you but does no damage.
The black bear barely misses you.
Damage: 6 (max 9)
Okay, then.
Unknown command.
Unknown command.
Okay, then.
Okay, then.
Unknown command.
Hop to where?
Press: ? - help, Dir - move target cursor, p - black bear Boing!
The black bear rages.
It was a potion of cancellation.
You feel magically purged.
It was a potion of invisibility.
You fade into invisibility!
The black bear bites you.
You die...

. #.# # .###.### #. #......#
##'# #.##.#.# ##...##
#.##.#.# #.....###.##.#.####
.......##.#.......# #
........#.#....##.#######...
#
........'.......@h..§.......
+
........#......##.#####((...
# .......####.#..##.# .#.
#....†## #.##.##.# ##...##
#.##.##.# ###'## #.##.##.#
.##.# #.. ..# ..#.#### ##
### ...)...###


You could see a black bear (berserk).

Vanquished Creatures
  Terence (D:2)
  An orc wizard (D:3)
  4 adders (D:3)
  A dart slug (D:2)
  3 leopard geckos
  9 orcs (D:3)
  4 bats
  5 giant cockroaches
  5 goblins
  5 hobgoblins
  4 jackals (D:3)
  A quokka (D:3)
  4 frilled lizards
  9 kobolds
  16 rats
72 creatures vanquished.

Notes
Turn   | Place    | Note
-------+----------+-------------------------------------------
     0 | D:1      | Gorice the Barachian Fighter began the quest for the Orb.
     0 | D:1      | Reached XP level 1. HP: 18/18 MP: 1/1
   281 | D:1      | Reached XP level 2. HP: 17/25 MP: 2/2
   400 | D:1      | Reached skill level 3 in Long Blades
   449 | D:1      | Reached XP level 3. HP: 24/30 MP: 3/3
   725 | D:2      | Noticed Terence
   780 | D:2      | Killed Terence
   780 | D:2      | Reached skill level 4 in Fighting
   939 | D:2      | Reached XP level 4. HP: 37/37 MP: 4/4
  1135 | D:2      | Found an opulent altar of Gozag.
  1460 | D:3      | Reached skill level 4 in Long Blades
  1684 | D:3      | Found a faded altar of an unknown god.
  1691 | D:3      | Reached XP level 5. HP: 43/43 MP: 5/5
  1707 | D:3      | Found a blossoming altar of Fedhas.
  2322 | D:3      | Noticed a black bear
  2335 | D:3      | HP: 11/43 [black bear (8)]
  2336 | D:3      | HP: 5/43 [black bear (6)]
  2339 | D:3      | Slain by a black bear

Vault maps used:
D:1:      erik_arrival_orb_chamber
D:2:      nicolae_gozag_cash_rules_everything_around_me, uniq_terence
D:3:      chequers_ecumenical_altar_simple_redux, solitary_fountain,
          fedhas_altar_1

Skill      XL: |  1  2  3  4 |
---------------+-------------+-----
Long Blades    | 3 4 |  4.9
Fighting       | 4 |  4.8
Armour         | |  3.2
Shields        | |  3.0

Action                   |  1- 3 |  4- 6 || total
-------------------------+-------+-------++-------
Melee: Long sword        |    92 |   168 ||   260
       Unarmed           |     4 |       ||     4
Throw: Stone             |       |    10 ||    10
 Abil: Hop               |       |     1 ||     1
  Use: Scroll            |     5 |     5 ||    10
       Potion            |       |     2 ||     2
  Eat: Chunk             |     1 |     5 ||     6
Armor: Scale mail        |    32 |       ||    32
       Chain mail        |     6 |   124 ||   130
Dodge: Dodged            |    17 |    28 ||    45
Block: Shield            |    42 |    74 ||   116
       Rpst.: Long sword |     5 |     3 ||     8

Table legend:
 A = Turns spent in this place as a percentage of turns spent in the entire game.
 B = Non-inter-level travel turns spent in this place as a percentage of non-inter-level travel turns spent in the entire game.
 C = Inter-level travel turns spent in this place as a percentage of turns spent in this place.
 D = Turns resting spent in this place as a percentage of non-inter-level travel turns spent in this place.
 E = Turns spent auto-exploring this place as a percentage of non-inter-level travel turns spent in this place.
 F = Non-inter-level travel turns spent in this place divided by the number of levels of this place that you've seen.
                   A       B       C       D       E      F
               +-------+-------+-------+-------+-------+----------------------
         Total | 100.0 | 100.0 |   0.4 |   1.5 |   7.9 | 281.3
       Dungeon | 100.0 | 100.0 |   0.4 |   1.5 |   7.9 | 281.3
               +-------+-------+-------+-------+-------+----------------------

Vault maps used:
D:1:      erik_arrival_orb_chamber
D:2:      nicolae_gozag_cash_rules_everything_around_me, uniq_terence
D:3:      chequers_ecumenical_altar_simple_redux, solitary_fountain,
          fedhas_altar_1
